 Dungeon Crawl Stone Soup version 0.29-a0-553-g81b289dbe5 (webtiles) character file.

Game seed: 1952621693428613548

157 DocClef the Covert (level 5, 0/47 HPs)
             Began as a Gnoll Delver on June 6, 2022.
             Slain by an orc wizard
             ... wielding a +0 dagger
              (3 damage)
             ... on level 4 of the Dungeon.
             The game lasted 00:00:45 (771 turns).

DocClef the Covert (Gnoll Delver)                    Turns: 771, Time: 00:00:45

Health: 0/47       AC:  3    Str: 14    XL:     5   Next: 38%
Magic:  7/7        EV: 13    Int:  9    God:
Gold:   18         SH:  0    Dex: 13    Spells: 6/6 levels left

rFire   . . .      SeeInvis .   a - +0 short sword
rCold   . . .      Faith    .   (no shield)
rNeg    . . .      Spirit   .   b - +0 leather armour
rPois   .          Reflect  .   (no helmet)
rElec   .          Harm     .   (no cloak)
rCorr   .          Rampage  .   (no gloves)
Will    .....                   (no boots)
Stlth   ++++......              (no amulet)
HPRegen 0.15/turn               (no ring)
MPRegen 0.10/turn               (no ring)

@: no status effects
A: fangs 1, strong nose, distributed training
a: no special abilities


You were on level 4 of the Dungeon.
You visited 1 branch of the dungeon, and saw 2 of its levels.

You collected 18 gold pieces.

Inventory:

Hand Weapons
 a - a +0 short sword (weapon)
Armour
 b - a +0 leather armour (worn)
Wands
 g - a wand of digging (3)
 i - a wand of polymorph (6)
Scrolls
 c - a scroll of fog
 d - a scroll of magic mapping
 e - a scroll of fear
 h - a scroll of torment {unknown}
 j - 2 scrolls of vulnerability {unknown}
Potions
 f - a potion of haste


   Skills:
 + Level 6.7 Fighting
 + Level 4.8 Short Blades
 + Level 1.4 Long Blades
 + Level 1.4 Axes
 + Level 1.4 Maces & Flails
 + Level 1.4 Polearms
 + Level 1.4 Staves
 + Level 1.4 Slings
 + Level 1.4 Bows
 + Level 1.4 Crossbows
 + Level 1.4 Throwing
 + Level 1.4 Armour
 + Level 4.8 Dodging
 + Level 9.7 Stealth
 + Level 1.4 Shields
 + Level 1.4 Unarmed Combat
 + Level 1.4 Spellcasting
 + Level 1.1 Conjurations
 + Level 1.1 Hexes
 + Level 1.1 Summonings
 + Level 1.1 Necromancy
 + Level 1.1 Translocations
 + Level 1.1 Transmutations
 + Level 1.1 Fire Magic
 + Level 1.1 Ice Magic
 + Level 1.1 Air Magic
 + Level 1.1 Earth Magic
 + Level 1.1 Poison Magic
 + Level 1.6 Invocations
 + Level 1.4 Evocations


You had 6 spell levels left.
You didn't know any spells.
Your spell library was empty.

Dungeon Overview and Level Annotations

Branches:
Dungeon (5/15)
 Temple: D:4-7

Altars:
Nemelex Xobeh


Innate Abilities, Weirdness & Mutations

You have very sharp teeth.
Your uncanny sense of smell can sniff out nearby items.
Your experience applies equally to all skills.


Message History

Something barely misses you. The orc hits you with a +0 short sword.
You climb upwards.
Reactivating autopickup.
There is a stone staircase leading down here.
Deactivating autopickup; reactivate with Ctrl-A.
You miss something. Something hits you but does no damage.
The orc hits you with a +0 short sword.
You barely miss something. Your bite misses something.
You closely miss something. Your punch misses something.
The orc hits you with a +0 short sword. Something hits you.
You completely miss something. You bite something. Something hits you.
The orc hits you with a +0 short sword.
* * * LOW HITPOINT WARNING * * *
You hit something but do no damage. The orc hits you with a +0 short sword.
* * * LOW HITPOINT WARNING * * *
Something hits you.
* * * LOW HITPOINT WARNING * * *
You miss something. The orc hits you with a +0 short sword.
* * * LOW HITPOINT WARNING * * *
Something hits you but does no damage.
You hit the orc but do no damage.
The orc is heavily wounded.
Something hits you.
* * * LOW HITPOINT WARNING * * *
The orc misses you.
You barely miss the orc.
The orc is heavily wounded.
You hit the orc. You bite the orc.
You kill the orc!
Something completely misses you.
Things that are here:
a +0 short sword; an orc corpse You hit something but do no damage.
Something hits you.
* * * LOW HITPOINT WARNING * * *
You completely miss something. Something hits you.
* * * LOW HITPOINT WARNING * * *
You completely miss something. Something hits you but does no damage.
You miss something. Something hits you.
You die...

#####
#..@#
#..{#
#.>.#
##.)#
##+#


There were no monsters in sight!

Vanquished Creatures
  A necrophage (D:5)
  A hound (D:5)
  An orc priest (D:5)
  An iguana (D:5)
  An ufetubus (D:5)
  An orc (D:4)
6 creatures vanquished.

Notes
Turn   | Place    | Note
-------+----------+-------------------------------------------
     0 | D:5      | Reached skill level 9 in Stealth
     0 | D:5      | DocClef the Gnoll Delver began the quest for the Orb.
     0 | D:5      | Reached XP level 1. HP: 23/23 MP: 1/1
    19 | D:5      | Noticed an iguana
    24 | D:5      | Killed an iguana
    25 | D:5      | Reached XP level 2. HP: 29/29 MP: 2/2
    25 | D:5      | Reached XP level 3. HP: 35/35 MP: 3/3
   177 | D:5      | Found a sparkling altar of Nemelex Xobeh.
   216 | D:5      | Reached skill level 1 in Long Blades
   216 | D:5      | Reached skill level 1 in Axes
   216 | D:5      | Reached skill level 1 in Maces & Flails
   216 | D:5      | Reached skill level 1 in Polearms
   216 | D:5      | Reached skill level 1 in Staves
   216 | D:5      | Reached skill level 1 in Slings
   216 | D:5      | Reached skill level 1 in Bows
   216 | D:5      | Reached skill level 1 in Crossbows
   216 | D:5      | Reached skill level 1 in Throwing
   216 | D:5      | Reached skill level 1 in Armour
   216 | D:5      | Reached skill level 1 in Shields
   216 | D:5      | Reached skill level 1 in Unarmed Combat
   216 | D:5      | Reached skill level 1 in Spellcasting
   216 | D:5      | Reached skill level 1 in Invocations
   216 | D:5      | Reached skill level 1 in Evocations
   216 | D:5      | Reached XP level 4. HP: 12/41 MP: 5/5
   543 | D:5      | Noticed a necrophage
   576 | D:5      | Killed a necrophage
   577 | D:5      | Reached skill level 1 in Conjurations
   577 | D:5      | Reached skill level 1 in Hexes
   577 | D:5      | Reached skill level 1 in Summonings
   577 | D:5      | Reached skill level 1 in Necromancy
   577 | D:5      | Reached skill level 1 in Translocations
   577 | D:5      | Reached skill level 1 in Transmutations
   577 | D:5      | Reached skill level 1 in Fire Magic
   577 | D:5      | Reached skill level 1 in Ice Magic
   577 | D:5      | Reached skill level 1 in Air Magic
   577 | D:5      | Reached skill level 1 in Earth Magic
   577 | D:5      | Reached skill level 1 in Poison Magic
   577 | D:5      | Reached XP level 5. HP: 26/47 MP: 5/7
   767 | D:4      | HP: 2/47 [something (4)]
   771 | D:4      | Slain by an orc wizard

Illustrated notes

Levels and vault maps discovered:
D:4:      layout_gridville, lemuel_doored_altar
D:5:      layout_cave_pools, mainiacjoe_overflow_brackets,
          mainiacjoe_overflow_six_doors_small, minmay_tree_intersection

Skill      XL: |  1  2  3  4 |
---------------+-------------+-----
Stealth        | |  9.7
Long Blades    | 1 |  1.4
Axes           | 1 |  1.4
Maces & Flails | 1 |  1.4
Polearms       | 1 |  1.4
Staves         | 1 |  1.4
Slings         | 1 |  1.4
Bows           | 1 |  1.4
Crossbows      | 1 |  1.4
Throwing       | 1 |  1.4
Armour         | 1 |  1.4
Shields        | 1 |  1.4
Unarmed Combat | 1 |  1.4
Spellcasting   | 1 |  1.4
Invocations    | 1 |  1.6
Evocations     | 1 |  1.4
Conjurations   | 1 |  1.1
Hexes          | 1 |  1.1
Summonings     | 1 |  1.1
Necromancy     | 1 |  1.1
Translocations | 1 |  1.1
Transmutations | 1 |  1.1
Fire Magic     | 1 |  1.1
Ice Magic      | 1 |  1.1
Air Magic      | 1 |  1.1
Earth Magic    | 1 |  1.1
Poison Magic   | 1 |  1.1
Fighting       | |  6.7
Short Blades   | |  4.8
Dodging        | |  4.8

Action                   |  1- 3 |  4- 6 || total
-------------------------+-------+-------++-------
Melee: Short sword       |    40 |    45 ||    85
       Bite              |     5 |     5 ||    10
 Stab: Sleeping          |     1 |     1 ||     2
Armor: Leather armour    |     9 |     8 ||    17
Dodge: Dodged            |    40 |    19 ||    59

Table legend: (Time is in decaauts)
 A = Elapsed time spent in this place.
 B = Non-inter-level travel time spent in this place.
 C = Inter-level travel time spent in this place.
 D = Time resting spent in this place.
 E = Time spent auto-exploring this place.
 F = Levels seen in this place.
 G = Mean time per level.
                   A        B        C        D        E       F      G
               +--------+--------+--------+--------+--------+-----+--------+
         Total |    760 |    760 |      0 |    320 |    312 |   2 |  380.0 |
       Dungeon |    760 |    760 |      0 |    320 |    312 |   2 |  380.0 |
               +--------+--------+--------+--------+--------+-----+--------+

Top non-repeatable levels by time:
     D:5: 745 daAuts
     D:4: 15 daAuts
